 Dungeon Crawl Stone Soup version 0.26.1-11-gd32895ea62 (webtiles) character file.

Game seed: 6916148439629285159

337 promet the Skirmisher (level 6, -1/50 (51) HPs)
             Began as a Formicid Abyssal Knight on June 25, 2021.
             Was a Believer of Lugonu.
             Succumbed to Crazy Yiuf's poison
             ... on level 2 of the Dungeon.
             The game lasted 00:19:30 (3899 turns).

promet the Skirmisher (Formicid Abyssal Knight)     Turns: 3899, Time: 00:19:30

HP:   -1/50 (51)    AC:  3    Str: 16    XL:     6   Next: 85%
MP:   7/7           EV: 12    Int: 12    God:    Lugonu [**....]
Gold: 108           SH:  0    Dex: 12    Spells: 5/5 levels left

rFire    . . .     SeeInvis +   a - +0 scythe
rCold    . . .     Faith    .   (no shield)
rNeg     . . .     Spirit   .   b - +0 leather armour
rPois    .         Reflect  .   (helmet unavailable)
rElec    .         Harm     .   (no cloak)
rCorr    .         Rampage  .   (no gloves)
Will     .....                  (no boots)
Stlth    +.........             (no amulet)
HPRegen  0.16/turn              (no ring)
MPRegen  0.10/turn              (no ring)

@: lethally poisoned (-1 -> -8), lightly drained
A: permanent stasis, dig shafts and tunnels, four strong arms, antennae 3
a: Dig, Shaft Self, Renounce Religion, Depart the Abyss, Bend Space


You were on level 2 of the Dungeon.
You worshipped Lugonu.
Lugonu was pleased with you.
You visited 1 branch of the dungeon, and saw 2 of its levels.
You visited the Abyss 1 time.

You collected 108 gold pieces.

Inventory:

Hand Weapons
 a - a +0 scythe (weapon)
 f - a +1 spear
Missiles
 c - 23 bolts
 d - 5 boomerangs (quivered)
 e - 9 stones
Armour
 b - a +0 leather armour (worn)
Potions
 h - a potion of cancellation


   Skills:
 * Level 5.3 Fighting
 + Level 3.9 Polearms
 + Level 1.9 Throwing
 + Level 3.1 Armour
 + Level 1.7 Dodging
 + Level 1.0 Stealth
 + Level 2.2 Invocations


You had 5 spell levels left.
You didn't know any spells.
Your spell library was empty.

Dungeon Overview and Level Annotations

Branches:
Dungeon (2/15)

Altars:

Annotations:
D:2 Crazy Yiuf


Innate Abilities, Weirdness & Mutations

You cannot be hasted, slowed, berserked, paralysed or teleported.
You can dig through walls and to a lower floor.
Your four strong arms can wield two-handed weapons with a shield.
You have a pair of large antennae on your head. (SInv)


Message History

Crazy Yiuf is moderately wounded.
Crazy Yiuf barely misses you.
Crazy Yiuf flaps his cloak.
Crazy Yiuf hits you with a +4 quarterstaff of chaos!
You closely miss Crazy Yiuf.
Crazy Yiuf is moderately wounded.
Crazy Yiuf hits you with a +4 quarterstaff of chaos.
You feel drained.
You hit Crazy Yiuf but do no damage.
Crazy Yiuf is moderately wounded.
Crazy Yiuf hits you with a +4 quarterstaff of chaos!
* * * LOW HITPOINT WARNING * * *
Crazy Yiuf freezes you.
* * * LOW HITPOINT WARNING * * *
Crazy Yiuf hits you with a +4 quarterstaff of chaos.
* * * LOW HITPOINT WARNING * * *
You are lethally poisoned!
You closely miss Crazy Yiuf.
Crazy Yiuf is moderately wounded.
You die...

####........# #.........# #.
#...........###.........###.
#.##....................'.#.
#.#################.....#.##
#.# #.....#.## #.#
#.....#.## #.##### ###
#.#####.## #..#))## ###..)#
#.# #.## #......####@g...#
#.# #.## ##......#..##...#
#.# #... ###...#.### ### #.#
#### ####### #.# ###
###########
#.........#######
#.....)...'.....#
#.........#####'#####


You could see Crazy Yiuf.

Vanquished Creatures
  Sigmund (D:2)
  Natasha (thrice) (D:2)
  4 adders (D:2)
  A worm (D:2)
  5 dart slugs
  2 leopard geckos (D:1)
  3 giant cockroaches
  6 hobgoblins
  7 jackals (D:1)
  A ball python (D:2)
  10 bats
  5 frilled lizards
  7 goblins
  5 kobolds
  3 rats
63 creatures vanquished.

Vanquished Creatures (others)
  2 starspawn tentacles (Abyss:1)
2 creatures vanquished.

Grand Total: 65 creatures vanquished

Notes
Turn   | Place    | Note
-------+----------+-------------------------------------------
     0 | Abyss:1  | promet the Formicid Abyssal Knight began the quest for the
                  | Orb.
     0 | Abyss:1  | Reached XP level 1. HP: 18/18 MP: 2/2
    24 | Abyss:1  | Noticed a tentacled starspawn
    43 | Abyss:1  | Noticed a neqoxec
    44 | D:1      | Escaped the Abyss
   318 | D:1      | Reached XP level 2. HP: 25/25 MP: 3/3
   422 | D:1      | Reached skill level 4 in Fighting
   439 | D:1      | Reached * piety under Lugonu
   762 | D:1      | Reached skill level 1 in Dodging
  1037 | D:1      | Reached XP level 3. HP: 28/30 MP: 4/4
  1968 | D:2      | Reached XP level 4. HP: 36/38 MP: 5/5
  1979 | D:2      | Reached ** piety under Lugonu
  2229 | D:2      | Noticed Sigmund
  2251 | D:2      | Killed Sigmund
  2252 | D:2      | Reached skill level 5 in Fighting
  2252 | D:2      | Reached XP level 5. HP: 4/44 MP: 6/6
  2252 | D:2      | Reached XP level 6. HP: 5/51 MP: 7/7
  3029 | D:2      | Noticed Natasha
  3033 | D:2      | Killed Natasha
  3034 | D:2      | Reached skill level 1 in Throwing
  3174 | D:2      | Reached skill level 1 in Stealth
  3339 | D:2      | Noticed Natasha
  3347 | D:2      | Killed Natasha
  3383 | D:2      | Noticed Natasha
  3391 | D:2      | Killed Natasha
  3889 | D:2      | Found a runed translucent door.
  3890 | D:2      | Noticed Crazy Yiuf
  3898 | D:2      | HP: 2/50 [Crazy Yiuf/+4 quarterstaff of chaos (6)]
  3899 | D:2      | Succumbed to Crazy Yiuf's poison

Illustrated notes

Levels and vault maps discovered:
D:1:      nzn_arrival_crosshair, layout_basic
D:2:      layout_basic, minmay_hedge_maze, uniq_crazy_yiuf_cottage,
          uniq_natasha, uniq_sigmund

Skill      XL: |  1  2  3  4  5  6 |
---------------+-------------------+-----
Fighting       | 4 5 |  5.3
Dodging        | 1 |  1.7
Polearms       | 3 |  3.9
Throwing       | 1 |  1.9
Stealth        | 1 |  1.0
Armour         | 3 |  3.1
Invocations    | |  2.2

Action                   |  1- 3 |  4- 6 || total
-------------------------+-------+-------++-------
Melee: Spear             |   125 |    46 ||   171
       Scythe            |       |    42 ||    42
Throw: Boomerang         |     6 |    51 ||    57
Invok: Depart the Abyss  |     1 |       ||     1
       Bend Space        |       |     1 ||     1
 Abil: Dig               |     3 |       ||     3
  Use: Scroll            |       |     5 ||     5
       Potion            |       |     2 ||     2
Armor: Leather armour    |    34 |    17 ||    51
Dodge: Dodged            |    71 |    46 ||   117
